 Dungeon Crawl Stone Soup version 0.29-a0-221-gceb61267dd (webtiles) character file.

Game seed: 8461678006865667175

23 Aksej the Skirmisher (level 2, -2/24 HPs)
             Began as a Demonspawn Monk on Feb 26, 2022.
             Slain by Natasha (6 damage)
             ... on level 2 of the Dungeon.
             The game lasted 00:01:53 (1271 turns).

Aksej the Skirmisher (Demonspawn Monk)              Turns: 1271, Time: 00:01:53

Health: -2/24      AC:  8    Str: 11    XL:     2   Next: 72%
Magic:  2/2        EV:  5    Int: 11    God:
Gold:   54         SH:  0    Dex: 15    Spells: 1/1 levels left

rFire   . . .      SeeInvis .   a - +0 mace
rCold   . . .      Faith    .   (no shield)
rNeg    . . .      Spirit   .   c - +0 chain mail
rPois   .          Reflect  .   (helmet restricted)
rElec   .          Harm     .   (no cloak)
rCorr   .          Rampage  .   (no gloves)
Will    .....                   (no boots)
Stlth   ..........              (no amulet)
HPRegen 0.08/turn               (no ring)
MPRegen 0.08/turn               (no ring)

@: mighty, slowed, very slow
A: antennae 1
a: no special abilities


You were on level 2 of the Dungeon.
You visited 1 branch of the dungeon, and saw 2 of its levels.

You collected 54 gold pieces.

Inventory:

Hand Weapons
 a - a +0 mace (weapon)
Armour
 c - a +0 chain mail (worn)
Scrolls
 b - a scroll of immolation {unknown}
Potions
 e - a potion of flight {unknown}
 f - a potion of cancellation {unknown}
 g - a potion of brilliance {unknown}


   Skills:
 * Level 3.2 Fighting
 + Level 3.0 Maces & Flails
 * Level 3.1 Dodging
 + Level 1.8 Stealth


You had one spell level left.
You didn't know any spells.
Your spell library contained the following spells:

 Spells                   Type           Power      Damage    Failure   Level
 Magic Dart               Conj           0%         1d3       100%        1
 Call Imp                 Summ           0%         N/A       100%        2
 Mephitic Cloud           Conj/Pois/Air  0%         N/A       100%        3


Dungeon Overview and Level Annotations

Branches:
Dungeon (2/15)

Altars:

Annotations:
D:2 Natasha


Innate Abilities, Weirdness & Mutations

You have a pair of small antennae on your head.


Message History

Found a stone staircase leading down.
There is a stone staircase leading down here.
There is a stone staircase leading down here.
Natasha, Servant of Life and Death comes into view.
Natasha casts a spell at you. The magic dart hits you.
Natasha casts a spell at you. You resist with significant effort.
You hit Natasha.
Natasha is lightly wounded.
Natasha claws you. Natasha claws you but does no damage.
You hit Natasha but do no damage.
Natasha is lightly wounded.
Natasha barely misses you.
You hit Natasha but do no damage.
Natasha is lightly wounded.
Natasha casts a spell at you. You resist with significant effort.
You closely miss Natasha.
Natasha is lightly wounded.
Natasha casts a spell at you.
You feel yourself slow down.
Natasha mumbles some strange words.
You hit Natasha.
Natasha is moderately wounded.
Natasha claws you.
You are too injured to fight recklessly!
You are too injured to fight recklessly!
You are too injured to fight recklessly!
You are too injured to fight recklessly!
You closely miss Natasha.
Natasha is moderately wounded.
Natasha claws you but does no damage. The iron imp hits you.
* * * LOW HITPOINT WARNING * * *
Natasha claws you.
* * * LOW HITPOINT WARNING * * *
It was a potion of might.
You feel very mighty all of a sudden. Natasha claws you.
You die...

#.######.# #..
#>........ #. #.#
#......... #. #.#
#.######.. #.##.####
.#.........
#.......##.#.#.#..#..
#.......##.#.#.##.#..
#...h...##.#.#.......
#..5@...##.#.####.##.
#..#.#####.#.# #.##.
## #.#####.#.# #.##.
#.......#.# #.##.
#######...# #.##.
#....#####.##.
#..........##.
#.....#######.
###...........


You could see an iron imp (summoned) and Natasha.

Vanquished Creatures
  3 endoplasms (D:1)
  A giant cockroach (D:1)
  3 kobolds (D:1)
  A quokka (D:1)
  4 ball pythons (D:1)
  3 bats (D:1)
  4 goblins (D:1)
  3 rats (D:1)
22 creatures vanquished.

Notes
Turn   | Place    | Note
-------+----------+-------------------------------------------
     0 | D:1      | Aksej the Demonspawn Monk began the quest for the Orb.
     0 | D:1      | Reached XP level 1. HP: 18/18 MP: 1/1
   370 | D:1      | Gained mutation: You have a pair of small antennae on your
                  | head. [demonic ancestry]
   370 | D:1      | Reached XP level 2. HP: 22/24 MP: 2/2
   521 | D:1      | Found a faded altar of an unknown god.
  1261 | D:2      | Noticed Natasha
  1271 | D:2      | Slain by Natasha

Illustrated notes

Levels and vault maps discovered:
D:1:      wander_arrival_abandoned_jail, layout_basic,
          ebering_ecumenical_altar_rust, minmay_hedge_maze
D:2:      layout_basic, hex_intersection, minmay_vboxes, uniq_natasha,
          uniq_crazy_yiuf_cottage

Skill      XL: |  1  2 |
---------------+-------+-----
Dodging        | 3 |  3.1
Maces & Flails | 3 |  3.0
Fighting       | |  3.2
Stealth        | |  1.8

Action                   || total
-------------------------++-------
Melee: Mace              ||    64
       Punch             ||     1
  Use: Potion            ||     2
       Scroll            ||     1
 Stab: Sleeping          ||     2
Armor: Chain mail        ||    40
Dodge: Dodged            ||    14

Table legend: (Time is in decaauts)
 A = Elapsed time spent in this place.
 B = Non-inter-level travel time spent in this place.
 C = Inter-level travel time spent in this place.
 D = Time resting spent in this place.
 E = Time spent auto-exploring this place.
 F = Levels seen in this place.
 G = Mean time per level.
                   A        B        C        D        E       F      G
               +--------+--------+--------+--------+--------+-----+--------+
         Total |   1288 |   1272 |     16 |      0 |   1094 |   2 |  644.0 |
       Dungeon |   1288 |   1272 |     16 |      0 |   1094 |   2 |  644.0 |
               +--------+--------+--------+--------+--------+-----+--------+

Top non-repeatable levels by time:
     D:1: 1165 daAuts
     D:2: 123 daAuts
